 Dungeon Crawl Stone Soup version 0.31.0-11-ge490571c62 (webtiles) character file.

Game seed: 345484182292326964

23920 Ashen the Covert (level 13, -15/98 HPs)
             Began as a Gnoll Enchanter on Feb 2, 2024.
             Was a Follower of Uskayaw.
             Demolished by a death yak (23 damage)
             ... on level 4 of the Lair of Beasts.
             The game lasted 00:49:13 (16039 turns).

Ashen the Covert (Gnoll Enchanter)                 Turns: 16039, Time: 00:49:13

Health: -15/98     AC:  9    Str: 10    XL:     13   Next: 9%
Magic:  1/26       EV: 16    Int: 20    God:    Uskayaw [*.....]
Gold:   944        SH:  5    Dex: 16    Spells: 18/31 levels left

rFire   . . .        v - +4 dagger (venom)
rCold   . . .        (no shield)
rNeg    . . .        A - +0 troll leather armour
rPois   .            (no helmet)
rElec   .            T - +2 cloak
rCorr   .            L - +1 pair of gloves
SInv    +            (no boots)
Will    .....        s - amulet of reflection
Stlth   ++++         x - +6 ring of intelligence
HPRegen 1.16/turn    y - ring of see invisible
MPRegen 0.20/turn

%: reflection
@: no status effects
A: fangs 1, strong nose, distributed training
a: Renounce Religion, Stomp


You were on level 4 of the Lair of Beasts.
You worshipped Uskayaw.
Uskayaw was aware of your devotion.
You visited 3 branches of the dungeon, and saw 16 of its levels.

You collected 1098 gold pieces.
You spent 154 gold pieces at shops.

Inventory:

Hand Weapons
 i - a +2 dagger of flaming
 v - a +4 dagger of venom (weapon)
 J - a +0 dagger of electrocution
Missiles
 M - 13 poisoned darts (quivered)
Armour
 A - a +0 troll leather armour (worn)
 L - a +1 pair of gloves (worn)
 T - a +2 cloak (worn)
Jewellery
 s - an amulet of reflection (around neck)
 x - a +6 ring of intelligence (left hand)
 y - a ring of see invisible (right hand)
 N - a +6 ring of intelligence
Wands
 g - a wand of flame (2)
 n - a wand of mindburst (13)
 t - a wand of polymorph (15)
 E - a wand of digging (3)
 I - a wand of charming (27)
 S - a wand of iceblast (6)
Scrolls
 a - 2 scrolls of blinking {unknown}
 b - 2 scrolls of revelation {unknown}
 e - 2 scrolls of noise {unknown}
 j - 5 scrolls of vulnerability {unknown}
 l - 7 scrolls of teleportation {unknown}
 m - 2 scrolls of butterflies {unknown}
 o - 2 scrolls of acquirement {unknown}
 p - a scroll of fog
 u - 2 scrolls of amnesia {unknown}
 w - a scroll of brand weapon {unknown}
 C - 3 scrolls of enchant weapon {unknown}
 G - a scroll of immolation {unknown}
 H - a scroll of silence {unknown}
 K - 5 scrolls of identify
 O - a scroll of enchant armour {unknown}
 Q - a scroll of torment {unknown}
 R - a scroll of fear {unknown}
Potions
 c - 2 potions of invisibility
 d - 8 potions of might
 f - 2 potions of mutation
 h - 7 potions of curing
 k - 3 potions of attraction
 q - a potion of heal wounds {unknown}
 r - a potion of berserk rage {unknown}
 z - 3 potions of lignification
 B - a potion of cancellation
 D - 4 potions of ambrosia {unknown}
 F - 5 potions of brilliance
 P - 2 potions of enlightenment {unknown}


   Skills:
 + Level 8.2 Fighting
 + Level 8.7 Short Blades
 + Level 8.2 Long Blades
 + Level 8.2 Axes
 + Level 8.2 Maces & Flails
 + Level 8.2 Polearms
 + Level 8.2 Staves
 + Level 8.2 Ranged Weapons
 + Level 8.2 Throwing
 + Level 8.2 Armour
 + Level 9.5 Dodging
 + Level 10.2 Stealth
 + Level 8.2 Shields
 + Level 8.2 Unarmed Combat
 + Level 9.7 Spellcasting
 + Level 6.8 Conjurations
 + Level 8.9 Hexes
 + Level 6.8 Summonings
 + Level 6.8 Necromancy
 + Level 6.8 Translocations
 + Level 6.8 Fire Magic
 + Level 6.8 Ice Magic
 + Level 6.8 Air Magic
 + Level 6.8 Earth Magic
 + Level 6.8 Alchemy
 + Level 9.0 Invocations
 + Level 8.2 Evocations
 + Level 7.5 Shapeshifting


You had 18 spell levels left.
You knew the following spells:

 Your Spells              Type           Power      Damage    Failure   Level
a - Ensorcelled Hibernat  Hex/Ice        82%        N/A       1%          2
b - Confusing Touch       Hex            45%        N/A       1%          3
c - Tukima's Dance        Hex            45%        N/A       1%          3
d - Dazzling Flash        Conj/Hex       82%        N/A       1%          3
e - Blink                 Tloc           74%        N/A       1%          2

Your spell library contained the following spells:

 Spells                   Type           Power      Damage    Failure   Level
 Apportation              Tloc           74%        N/A       1%          1
 Kiss of Death            Conj/Necr      100%       2d13      1%          1
 Necrotise                Necr           100%       1d9       1%          1
 Sting                    Conj/Alch      100%       1d9       1%          1
 Summon Small Mammal      Summ           100%       N/A       1%          1
 Lesser Beckoning         Tloc           74%        N/A       1%          2
 Mercury Vapours          Alch/Air       74%        N/A       1%          2
 Momentum Strike          Conj/Tloc      74%        3d10      1%          2
 Static Discharge         Conj/Air       74%        3-7/arc   1%          2
 Call Canine Familiar     Summ           37%        N/A       1%          3
 Fugue of the Fallen      Necr           37%        N/A       1%          3
 Mephitic Cloud           Conj/Alch/Air  37%        N/A       1%          3
 Anguish                  Hex/Necr       20%        N/A       3%          4
 Airstrike                Air            18%        2d(3-19)  5%          4
 Dispel Undead            Necr           37%        3d15      5%          4
 Summon Blazeheart Golem  Fire/Summ      37%        N/A       5%          4
 Summon Lightning Spire   Summ/Air       37%        N/A       5%          4
 Freezing Cloud           Conj/Ice/Air   18%        6-21      16%         5


Dungeon Overview and Level Annotations

Branches:
Dungeon (10/15)            Temple (1/1) D:5            Lair (5/5) D:10
 Shoals (0/4) Lair:3        Snake (0/4) Lair:3
  Slime: Lair:4-5       Orc: D:9-12

Altars:
Ashenzari
Cheibriados
Dithmenos
Elyvilon
Fedhas
Gozag
Hepliaklqana
Kikubaaqudgha
Makhleb
Nemelex Xobeh
Okawaru
Qazlal
Ru
Sif Muna
Trog
Uskayaw
Vehumet
Wu Jian
Xom
Yredelemnul
Zin
The Shining One

Shops:
D:4 *   D:6 [

Annotations:
D:9 exclusion: door
Lair:1 3 runed translucent doors, Arcadio's ghost, journeyman FeSu; NitroKuite's ghost, journeyman MiBe
Lair:5 Urug


Innate Abilities, Weirdness & Mutations

You have very sharp teeth.
Your uncanny sense of smell can sniff out nearby items.
Your experience applies equally to all skills.


Message History

You hit the death yak but do no damage. Your bite misses the death yak.
The death yak is heavily wounded.
You hit the death yak but do no damage.
The death yak looks as sick as possible!
The death yak is heavily wounded.
The death yak gores you but does no damage.
You hit the death yak.
The death yak is heavily wounded.
You hit the death yak. Your punch misses the death yak.
The death yak is severely wounded.
The death yak gores you!
* * * LOW HITPOINT WARNING * * *
Casting: Dazzling Flash (safe; 1% risk of failure)
Confirm with . or Enter, or press ? or * to list all spells.
You blink.
Okay, then.
You feel ready to blink again.
The death yak attacks as it pursues you!
The death yak gores you!!
* * * LOW HITPOINT WARNING * * *
Aiming: Charm
Press: ? - help, Shift-Dir - straight line, f - death yak
Aim: a death yak (severely wounded, extremely poisoned, chance to affect: 8%)
Okay, then.
The death yak attacks as it pursues you!
The death yak completely misses you.
You hit the death yak.
The death yak looks as sick as possible!
The death yak is almost dead.
The death yak gores you!
* * * LOW HITPOINT WARNING * * *
You hit the death yak but do no damage.
The death yak looks as sick as possible!
You bite the death yak, but do no damage.
The death yak is almost dead.
You hit the death yak but do no damage.
The death yak looks as sick as possible!
The death yak is almost dead.
The death yak gores you!!
You die...

#.............##..........
##.............+...........
#..............P.#.........
##.........................
#.............#.....รท....<
#.............#.#.........
###.#######+..#####.######
### ###...## ##...####
##.@..## *#..'##...
#YYP...# ##.........
***##.#######.+........
##..#.+.#...##..........
#......Y...#............
#..........#Y...........
#..........+..##........
#.........>.####........
##.P....#.### *.........


You could see 2 death yaks.

Vanquished Creatures
  Josephine (Lair:4)
  3 death yaks
  A skyshark (Lair:3)
  Pikel (D:6)
  Maurice (D:8)
  A salamander (Lair:3)
  3 black mambas
  9 elephants
  A merfolk siren (Lair:3)
  A torpor snail (Lair:1)
  A gargoyle (D:9)
  6 cane toads
  2 komodo dragons (Lair:2)
  2 rime drakes (Lair:4)
  4 trolls
  A polar bear (Lair:4)
  A hornet (D:7)
  8 blink frogs (Lair:1)
  3 dream sheep (Lair:1)
  6 wyverns
  4 wraiths (Lair:4)
  15 yaks
  A steam dragon (Lair:1)
  A basilisk (Lair:3)
  Menkaure (D:7)
  An acid dragon (D:9)
  10 water moccasins
  2 orc warriors
  An ice beast (D:8)
  3 ogres
  2 black bears
  2 centaurs
  4 lemures
  A kobold brigand (D:9)
  12 bullfrogs
  3 scorpions
  A gnoll sergeant (D:9)
  4 wights
  5 killer bees (D:9)
  A howler monkey (D:10)
  3 bombardier beetles
  3 lava snakes (Lair:3)
  3 hounds
  Crazy Yiuf (D:2)
  4 orc priests
  A jelly (D:6)
  A gnoll bouda (D:4)
  6 iguanas
  Ijyb (D:3)
  Natasha (twice) (D:3)
  7 orc wizards
  Robin (D:3)
  10 gnolls
  7 adders
  A shadow imp (D:7)
  A white imp (D:6)
  2 ufetubi (D:6)
  A ribbon worm (D:2)
  A dart slug (D:1)
  24 orcs
  5 ball pythons
  6 endoplasms
  5 giant cockroaches
  4 hobgoblins
  7 jackals (D:2)
  14 kobolds
  3 quokkas
  6 bats
  3 frilled lizards
  15 goblins
  3 rats
  4 butterflies (D:1)
285 creatures vanquished.

Vanquished Creatures (collateral kills)
  A centaur (D:8)
  A jelly (D:8)
  An orc priest (D:8)
  An orc (D:8)
4 creatures vanquished.

Vanquished Creatures (others)
  3 dancing weapons
3 creatures vanquished.

Grand Total: 292 creatures vanquished

Notes
Turn   | Place    | Note
-------+----------+-------------------------------------------
     0 | D:1      | Ashen the Gnoll Enchanter began the quest for the Orb.
     0 | D:1      | Reached XP level 1. HP: 13/13 MP: 6/6
   451 | D:1      | Reached XP level 2. HP: 8/19 MP: 7/7
   643 | D:1      | Learned a level 2 spell: Ensorcelled Hibernation
   948 | D:2      | Reached skill level 5 in Spellcasting
   948 | D:2      | Reached XP level 3. HP: 25/25 MP: 5/9
  1013 | D:2      | Reached skill level 6 in Stealth
  1110 | D:2      | Reached skill level 1 in Invocations
  1494 | D:2      | Found a runed translucent door.
  1495 | D:2      | Noticed Crazy Yiuf
  1577 | D:2      | Reached skill level 1 in Fighting
  1577 | D:2      | Reached skill level 1 in Long Blades
  1577 | D:2      | Reached skill level 1 in Axes
  1577 | D:2      | Reached skill level 1 in Maces & Flails
  1577 | D:2      | Reached skill level 1 in Polearms
  1577 | D:2      | Reached skill level 1 in Staves
  1577 | D:2      | Reached skill level 1 in Ranged Weapons
  1577 | D:2      | Reached skill level 1 in Throwing
  1577 | D:2      | Reached skill level 1 in Armour
  1577 | D:2      | Reached skill level 1 in Shields
  1577 | D:2      | Reached skill level 1 in Unarmed Combat
  1577 | D:2      | Reached skill level 1 in Evocations
  1777 | D:2      | Killed Crazy Yiuf
  1778 | D:2      | Reached skill level 1 in Shapeshifting
  1778 | D:2      | Reached XP level 4. HP: 32/32 MP: 11/11
  1862 | D:3      | Reached skill level 1 in Conjurations
  1862 | D:3      | Reached skill level 1 in Summonings
  1862 | D:3      | Reached skill level 1 in Necromancy
  1862 | D:3      | Reached skill level 1 in Translocations
  1862 | D:3      | Reached skill level 1 in Fire Magic
  1862 | D:3      | Reached skill level 1 in Ice Magic
  1862 | D:3      | Reached skill level 1 in Air Magic
  1862 | D:3      | Reached skill level 1 in Earth Magic
  1862 | D:3      | Reached skill level 1 in Alchemy
  2068 | D:3      | Noticed Ijyb
  2231 | D:3      | Found a faded altar of an unknown god.
  2246 | D:3      | Found an opulent altar of Gozag.
  2250 | D:3      | Noticed Robin
  2281 | D:3      | Reached XP level 5. HP: 37/37 MP: 1/12
  2503 | D:3      | Killed Robin
  2523 | D:3      | Identified the +3 mace of Ashen's Dismemberment {holy, rC+
                  | Will+}
  2666 | D:3      | Noticed Natasha
  2672 | D:3      | Learned a level 3 spell: Confusing Touch
  2676 | D:3      | Learned a level 3 spell: Tukima's Dance
  2680 | D:3      | Learned a level 3 spell: Dazzling Flash
  2697 | D:3      | Killed Natasha
  3036 | D:3      | Found a faded altar of an unknown god.
  3070 | D:3      | Found an opulent altar of Gozag.
  3118 | D:3      | Killed Ijyb
  3458 | D:3      | Noticed Natasha
  3470 | D:3      | Killed Natasha
  3471 | D:3      | Reached XP level 6. HP: 44/44 MP: 6/13
  3643 | D:4      | Reached skill level 5 in Dodging
  4037 | D:4      | Found Birun's General Store.
  4052 | D:4      | Bought a scroll of fog for 44 gold pieces
  4052 | D:4      | Bought a scroll of identify for 22 gold pieces
  4052 | D:4      | Bought a potion of cancellation for 88 gold pieces
  4335 | D:4      | Identified the +3 ring mail "Poemol" {MP+9}
  4350 | D:4      | Reached XP level 7. HP: 46/50 MP: 10/15
  4530 | D:5      | Entered Level 5 of the Dungeon
  4564 | D:5      | Found a glowing golden altar of the Shining One.
  4685 | D:5      | Found a hazy altar of Hepliaklqana.
  4805 | D:5      | Found a staircase to the Ecumenical Temple.
  4809 | Temple   | Entered the Ecumenical Temple
  5231 | D:5      | Noticed a +0 dagger
  5231 | D:5      | Noticed a +0 dagger
  5235 | D:5      | Found a hide-covered altar of Uskayaw.
  5249 | D:5      | Became a worshipper of Uskayaw the Reveller
  5353 | D:5      | Reached * piety under Uskayaw
  5723 | D:6      | Reached XP level 8. HP: 58/58 MP: 13/16
  5779 | D:6      | Reached ** piety under Uskayaw
  6034 | D:6      | Found Aluos's Armour Emporium.
  6155 | D:6      | Reached *** piety under Uskayaw
  6329 | D:6      | Noticed Pikel
  6447 | D:6      | Killed Pikel
  6448 | D:6      | Reached skill level 7 in Stealth
  7086 | D:6      | Reached XP level 9. HP: 59/65 MP: 15/18
  7445 | D:7      | Noticed Menkaure
  7611 | D:7      | Noticed a hornet
  7614 | D:7      | Noticed a troll
  7620 | D:7      | Killed a hornet
  7621 | D:7      | Reached skill level 5 in Short Blades
  7636 | D:7      | HP: 3/65 [centaur/arrow (8)]
  7831 | D:7      | Killed a troll
  7832 | D:7      | Reached skill level 5 in Invocations
  8449 | D:8      | Learned a level 2 spell: Blink
  8528 | D:8      | Noticed Maurice
  8547 | D:8      | Maurice stole a +0 whip of electrocution
  8559 | D:8      | Killed Maurice
  8560 | D:8      | Reached skill level 5 in Fighting
  8560 | D:8      | Reached skill level 5 in Long Blades
  8560 | D:8      | Reached skill level 5 in Axes
  8560 | D:8      | Reached skill level 5 in Maces & Flails
  8560 | D:8      | Reached skill level 5 in Polearms
  8560 | D:8      | Reached skill level 5 in Staves
  8560 | D:8      | Reached skill level 5 in Ranged Weapons
  8560 | D:8      | Reached skill level 5 in Throwing
  8560 | D:8      | Reached skill level 5 in Armour
  8560 | D:8      | Reached skill level 5 in Shields
  8560 | D:8      | Reached skill level 5 in Unarmed Combat
  8560 | D:8      | Reached skill level 5 in Evocations
  8560 | D:8      | Reached XP level 10. HP: 70/74 MP: 5/20
  8901 | D:8      | Reached skill level 8 in Stealth
  9141 | D:7      | Killed Menkaure
  9678 | D:9      | Reached skill level 5 in Shapeshifting
  9726 | D:9      | Found a blossoming altar of Fedhas.
  9869 | D:9      | Reached **** piety under Uskayaw
  9972 | D:9      | Noticed a gargoyle
 10008 | D:9      | Killed a gargoyle
 10399 | D:10     | Entered Level 10 of the Dungeon
 10401 | D:10     | Noticed an elephant
 10482 | D:9      | Killed an elephant
 10759 | D:10     | Reached skill level 5 in Conjurations
 10759 | D:10     | Reached skill level 5 in Summonings
 10759 | D:10     | Reached skill level 5 in Necromancy
 10759 | D:10     | Reached skill level 5 in Translocations
 10759 | D:10     | Reached skill level 5 in Fire Magic
 10759 | D:10     | Reached skill level 5 in Ice Magic
 10759 | D:10     | Reached skill level 5 in Air Magic
 10759 | D:10     | Reached skill level 5 in Earth Magic
 10759 | D:10     | Reached skill level 5 in Alchemy
 10804 | D:10     | Reached XP level 11. HP: 72/81 MP: 19/22
 10886 | D:10     | Found a staircase to the Lair.
 11064 | D:10     | Identified the +4 hand axe of the Moon {antimagic, rC+
                  | Str+2}
 11242 | D:10     | Found an ancient bone altar of Kikubaaqudgha.
 11542 | Lair:1   | Entered Level 1 of the Lair of Beasts
 11578 | Lair:1   | Reached ***** piety under Uskayaw
 11593 | Lair:1   | Reached skill level 9 in Stealth
 11594 | Lair:1   | Reached ****** piety under Uskayaw
 11994 | Lair:1   | Found a runed translucent gate.
 11995 | Lair:1   | Found a runed translucent gate.
 12149 | Lair:1   | Noticed NitroKuite's ghost (journeyman MiBe)
 12167 | Lair:1   | Noticed Arcadio's ghost (journeyman FeSu)
 12219 | Lair:1   | Found a runed translucent gate.
 12992 | Lair:2   | Reached XP level 12. HP: 91/91 MP: 21/24
 14103 | Lair:3   | You fall into a shaft and drop 2 floors!
 14103 | Lair:5   | Entered Level 5 of the Lair of Beasts
 14103 | Lair:5   | Noticed Urug
 14284 | Lair:4   | Noticed Josephine
 14462 | Lair:3   | Noticed a skyshark
 14467 | Lair:3   | Killed a skyshark
 14579 | Lair:3   | Found a staircase to the Snake Pit.
 14731 | Lair:3   | Found a staircase to the Shoals.
 15100 | Lair:4   | Reached skill level 10 in Stealth
 15264 | Lair:4   | Killed Josephine
 15323 | Lair:4   | Noticed a death yak
 15487 | Lair:4   | Noticed a death yak
 15491 | Lair:4   | Noticed a death yak
 15491 | Lair:4   | Noticed a death yak
 15540 | Lair:3   | Killed a death yak
 15541 | Lair:3   | Reached XP level 13. HP: 72/98 MP: 14/26
 16039 | Lair:4   | Demolished by a death yak

Illustrated notes

Levels and vault maps discovered:
D:1:      spicycebolla_arrival_clurvy, layout_loops_ring, corexii_corridor_pit
D:2:      minmay_kobold_bridge, layout_loops_ring, dk_noncrumbling_3,
          corexii_leaking_fountain, grunt_ministairs_4, uniq_crazy_yiuf_cottage
D:3:      layout_basic, lemuel_crystal_altar, ebering_ecumenical_altar_webs,
          chequers_avenue, uniq_robin, uniq_ijyb, uniq_natasha
D:4:      cheibrodos_pilgrimage, layout_basic, serial_shops, shop
D:5:      layout_basic, overflow_temple_1_default, tso_oasis_becter,
          dancing_weapons_uskayaw, temple_statues
D:6:      layout_loops_corners, serial_shops, shop, dk_noncrumbling_4,
          uniq_pikel
D:7:      layout_cave_pods, minmay_chambers_of_fives, uniq_menkaure
D:8:      layout_basic, uniq_maurice
D:9:      layout_stronghold, mainiacjoe_overflow_alcove_1, evilmike_minifort
D:10:     layout_cave_pods, nicolae_kikubaaqudgha_miasma_corner,
          grunt_lair_entry_orc_guard_hut
Temple:   compressed_dpeg_triangle_lava_temple
Lair:1:   layout_cave_pods, gammafunk_ghost_cemetery,
          chequers_serial_rivers_small_3
Lair:2:   layout_roguey
Lair:3:   layout_loops_ring, minmay_shoals_entry_lonely_mermaid,
          nicolae_snake_entry_warm_welcome
Lair:4:   layout_roguey, grunt_forest_stairs_basic, uniq_josephine
Lair:5:   guppyfry_lair_end_dragon, layout_big_grid,
          hangedman_lair_tendril_chambers, slime_entry_2, wad_woods_river_03,
          chequers_serial_rivers_micro_e, uniq_urug, uniq_kirke

Skill      XL: |  1  2  3  4  5  6  7  8  9 10 11 12 13 |
---------------+----------------------------------------+-----
Spellcasting   | 5 6 7 8 9 |  9.7
Stealth        | 6 7 8 9 10 | 10.2
Invocations    | 1 2 3 4 5 6 7 8 9 |  9.0
Fighting       | 1 2 3 5 6 7 8 |  8.2
Long Blades    | 1 2 3 5 6 7 8 |  8.2
Axes           | 1 2 3 5 6 7 8 |  8.2
Maces & Flails | 1 2 3 5 6 7 8 |  8.2
Polearms       | 1 2 3 5 6 7 8 |  8.2
Staves         | 1 2 3 5 6 7 8 |  8.2
Ranged Weapons | 1 2 3 5 6 7 8 |  8.2
Throwing       | 1 2 3 5 6 7 8 |  8.2
Armour         | 1 2 3 5 6 7 8 |  8.2
Shields        | 1 2 3 5 6 7 8 |  8.2
Unarmed Combat | 1 2 3 5 6 7 8 |  8.2
Evocations     | 1 2 3 5 6 7 8 |  8.2
Shapeshifting  | 1 2 3 4 5 6 7 |  7.5
Conjurations   | 1 2 3 4 5 6 |  6.8
Summonings     | 1 2 3 4 5 6 |  6.8
Necromancy     | 1 2 3 4 5 6 |  6.8
Translocations | 1 2 3 4 5 6 |  6.8
Fire Magic     | 1 2 3 4 5 6 |  6.8
Ice Magic      | 1 2 3 4 5 6 |  6.8
Air Magic      | 1 2 3 4 5 6 |  6.8
Earth Magic    | 1 2 3 4 5 6 |  6.8
Alchemy        | 1 2 3 4 5 6 |  6.8
Short Blades   | 3 4 5 6 7 8 |  8.7
Dodging        | 5 6 7 8 9 |  9.5
Hexes          | 6 7 8 |  8.9

Action                     |  1- 3 |  4- 6 |  7- 9 | 10-12 | 13-15 || total
---------------------------+-------+-------+-------+-------+-------++-------
  Melee: Dagger            |    66 |    94 |   160 |   382 |    43 ||   745
         Bite              |     3 |     1 |    25 |    64 |     8 ||   101
         Punch             |     1 |     1 |     6 |    19 |     1 ||    28
         Unarmed           |       |    36 |       |       |       ||    36
   Cast: Ensorcelled Hiber |    14 |    57 |    40 |   112 |     1 ||   224
         Confusing Touch   |       |       |    11 |    20 |       ||    31
         Tukima's Dance    |       |       |    11 |     7 |       ||    18
         Dazzling Flash    |       |       |       |    15 |    15 ||    30
         Blink             |       |       |       |     2 |     1 ||     3
  Evoke: Wand              |       |       |       |     3 |       ||     3
    Use: Scroll            |       |     4 |     3 |     1 |       ||     8
         Potion            |       |       |     4 |       |       ||     4
   Stab: Sleeping          |    26 |    37 |    32 |    78 |     1 ||   174
         Distracted        |     2 |       |       |     1 |       ||     3
         Confused          |       |       |     8 |    24 |       ||    32
         Paralysed         |       |       |     1 |    11 |       ||    12
         Invisible         |       |       |       |    10 |     4 ||    14
 Armour: Robe              |    16 |    40 |    70 |       |       ||   126
         Skin              |       |    25 |       |       |       ||    25
         Troll leather arm |       |       |     8 |   151 |    20 ||   179
  Dodge: Dodged            |    37 |    67 |    88 |   223 |    22 ||   437
  Block: Other             |       |    11 |    32 |    71 |     3 ||   117
         Reflection        |       |       |     1 |       |       ||     1
